Phantoms vs Monsters
Created - May 3, 2022 at 20:32
Goals
|
| Phantoms |
1 |
1 |
1 |
3 |
| Monsters |
4 |
1 |
1 |
6 |
|
Shots
|
| Phantoms |
13 |
13 |
4 |
30 |
| Monsters |
10 |
9 |
11 |
30 |
|
1st period
1. Monsters , Francis Perron 3 (Aaron Ness 45, Maxim Mamin 7) at 8:18
2. Monsters , Francis Perron 4 (Maxim Mamin 8, Richard Nejezchleb 6) at 11:13
3. Phantoms , Nick Shore 26 (Alex DeBrincat 27, Reid McNeill 11) at 11:24
4. Monsters , Austin Watson 19 (Mitch Marner 28, Morgan Rielly 31) at 14:13
5. Monsters , Christian Hanson 20 (Morgan Rielly 32) at 15:29
Penalties :
Aaron Ness (Cle) for Hooking (Minor) at 5:32, Christian Hanson (Cle) for Hooking (Minor) at 8:35, Lucas Wallmarkk (Leh) for High sticking (Minor) at 17:49
2nd period
6. Phantoms , Michael Bournival 26 (Devon Teows 4, Travis Konecny 53) at 6:00
7. Monsters , Patrik Laine 9 (Maxim Mamin 9) at 14:20
Penalties :
Zachary Fucale (Leh) for Slashing (Minor) at 8:24 - Travis Konecny served the penalty, Mark Alt (Leh) for Hooking (Minor) at 18:50
3rd period
8. Monsters , Joakim Nordstrom 15 (Bobby Farnham 20) at 12:37
9. Phantoms , Erik Nystrom 17 (Calle Jarnkrok 62, Lucas Wallmarkk 13) at 16:54
Penalties :
Reid McNeill (Leh) for Cross-checking (Minor) at 0:38, Travis Konecny (Leh) for Hooking (Minor) at 8:40, Blake Heinrich (Leh) for Interference (Minor) at 13:27
Goalie Stats
Anton Forsberg (Leh), 4 saves from 8 shots - (0.500), L, 27-16-2, 15:29 minutes
Zachary Fucale (Leh), 20 saves from 22 shots - (0.909), 44:31 minutes
Phoenix Copley (Cle), 27 saves from 30 shots - (0.900), W, 11-13-1, 60:00 minutes
Players Stats for Phantoms
Player Name G A P +/- PIM S H SB GA TA FO MP PP MP PK MP
------------------------------------------------------------------------------------
Alex DeBrincat 0 1 1 -1 0 2 3 0 0 0 0/0 15:42 1:47 0:00
Anthony Angello 0 0 0 0 0 0 0 0 0 0 0/0 0:33 0:00 0:32
Blake Heinrich 0 0 0 0 2 0 1 0 0 0 0/0 9:52 0:00 0:53
Brendan Leipsic 0 0 0 0 0 0 0 0 0 0 0/0 1:03 0:05 0:56
Brenden Kichton 0 0 0 -1 0 0 0 0 0 0 0/0 3:12 0:00 0:00
Calle Jarnkrok 0 1 1 0 0 2 1 1 1 0 24/41 27:51 2:06 6:55
Cristoval Nieves 0 0 0 -2 0 4 2 0 0 0 3/7 10:51 0:00 0:00
David Kampf 0 0 0 0 0 0 0 0 0 0 0/0 0:32 0:05 0:00
Devon Teows 0 1 1 0 0 0 0 0 0 0 0/0 8:55 0:00 0:20
Erik Nystrom 1 0 1 0 0 2 0 0 1 0 0/0 5:03 0:00 0:00
Ivan Provorov 0 0 0 -3 0 0 1 2 0 0 0/0 19:55 1:36 3:10
Jake Dotchin 0 0 0 1 0 0 1 2 2 0 0/0 28:18 2:22 8:33
Laurent Dauphin 0 0 0 0 0 0 0 0 0 0 0/0 2:04 0:00 2:04
Lucas Wallmarkk 0 1 1 0 2 1 0 0 0 0 2/3 5:12 0:00 0:00
Mark Alt 0 0 0 -3 2 2 1 0 0 0 0/0 20:04 1:36 3:20
Michael Bournival 1 0 1 0 0 3 0 1 2 1 2/4 23:11 2:06 6:53
Mikko Lehtonen 0 0 0 0 0 0 0 0 0 0 0/0 0:00 0:00 0:00
Morgan Klimchuk 0 0 0 -2 0 1 0 0 1 1 0/1 10:51 0:00 0:00
Nick Shore 1 0 1 -1 0 4 2 0 1 0 8/16 15:42 1:47 0:00
Nick Sorensen 0 0 0 -2 0 0 3 0 0 1 0/0 10:58 0:05 0:00
Reid McNeill 0 1 1 1 2 1 4 3 0 3 0/0 26:44 2:22 7:19
Rinat Valiev 0 0 0 -1 0 0 0 0 0 0 0/0 3:12 0:00 0:00
Sven Andrighetto 0 0 0 -1 0 3 2 0 1 0 0/0 19:31 1:47 3:33
Travis Konecny 0 1 1 0 2 5 1 0 0 1 0/3 18:45 2:06 2:12
Players Stats for Monsters
Player Name G A P +/- PIM S H SB GA TA FO MP PP MP PK MP
------------------------------------------------------------------------------------
Aaron Ness 0 1 1 1 2 3 1 0 0 1 0/0 27:43 6:07 1:08
Austin Watson 1 0 1 -1 0 2 2 1 1 0 0/0 20:48 5:13 1:39
Bobby Farnham 0 1 1 1 0 0 1 0 0 0 0/0 7:52 0:00 0:00
Christian Hanson 1 0 1 2 2 6 2 0 0 1 15/39 21:55 6:30 0:11
Dillon Heatherington 0 0 0 -1 0 1 0 1 0 1 0/0 15:30 0:11 2:05
Francis Perron 2 0 2 1 0 3 2 0 1 0 0/1 7:53 0:00 0:19
Jared Knight 0 0 0 1 0 2 0 0 0 0 3/5 16:00 5:25 2:02
Joakim Nordstrom 1 0 1 1 0 2 2 0 0 0 0/1 9:54 0:00 2:00
Matt Grzelcyk 0 0 0 -1 0 2 0 1 0 0 0/0 21:37 5:25 1:50
Maxim Mamin 0 3 3 3 0 1 0 0 0 0 0/0 10:56 0:00 1:33
Mitch Marner 0 1 1 -1 0 1 0 0 1 1 1/1 19:09 5:13 0:00
Morgan Rielly 0 2 2 0 0 0 2 2 1 1 0/0 28:58 6:07 2:41
Nathan Noel 0 0 0 1 0 0 1 0 0 1 2/3 7:34 0:00 0:00
Ondrej Kase 0 0 0 2 0 3 3 0 3 2 1/3 21:30 6:30 0:00
Patrik Laine 1 0 1 2 0 3 1 0 0 0 2/4 21:30 6:30 0:00
Richard Nejezchleb 0 1 1 1 0 0 0 0 0 0 0/1 7:34 0:00 0:00
Ryan Fitzgerald 0 0 0 -1 0 1 1 0 0 0 12/17 19:27 5:13 0:12
Tarmo Reunanen 0 0 0 4 0 0 0 0 0 1 0/0 10:10 0:11 0:12
3 Stars
1 - Francis Perron (Cle)
2 - Maxim Mamin (Cle)
3 - Patrik Laine (Cle)
Power Play
Phantoms - 0 on 2 Attempt(s) - 0.00%
Monsters - 0 on 6 Attempt(s) - 0.00%
Penalty Kill
Phantoms - 6 on 6 Attempt(s) - 100.00%
- Score 0 goal in Penalty Kill
Monsters - 2 on 2 Attempt(s) - 100.00%
- Score 0 goal in Penalty Kill
Team Stat
Phantoms - Hits : 22 - Faceoff Wins : 39 - Blocked Shots : 9 - Penalty Minutes : 12
Monsters - Hits : 18 - Faceoff Wins : 36 - Blocked Shots : 5 - Penalty Minutes : 4
Official
Referees : Tom Chmielewski and Brian Pochmara
Linesman : Jesse Marquis and Greg Devorski
Game Notes
11:13 of 1st period - Monsters goal is going for a video replay. After video review, Goal.
Zachary Fucale enters game at 15:29 of 1st period
Finance
Level 1 -- Attendance: 1800 (90.00%) -- Ticket Income $63,000
Level 2 -- Attendance: 893 (89.30%) -- Ticket Income $13,395
Total Attendance: 2693 (89.77%)
Total Ticket Income: $76,395
Other Income: $3,820
Total Income: $80,215
Phantoms
5 vs 5 Forward
Center Left Wing Right Wing Time % Phy DF OF
1 Calle Jarnkrok Michael Bournival Travis Konecny 40 1 2 2
2 Nick Shore Alex DeBrincat Sven Andrighetto 30 1 2 2
3 Cristoval Nieves Morgan Klimchuk Nick Sorensen 20 1 2 2
4 Lucas Wallmarkk Erik Nystrom Calle Jarnkrok 10 1 2 2
5 vs 5 Defense
Defense Defense Time % Phy DF OF
1 Reid McNeill Jake Dotchin 40 1 2 2
2 Ivan Provorov Mark Alt 30 1 2 2
3 Blake Heinrich Devon Teows 20 1 2 2
4 Brenden Kichton Rinat Valiev 10 1 2 2
PowerPlay Forward
Center Left Wing Right Wing Time % Phy DF OF
1 Calle Jarnkrok Michael Bournival Travis Konecny 60 1 2 2
2 Nick Shore Alex DeBrincat Sven Andrighetto 40 1 2 2
PowerPlay Defense
Defense Defense Time % Phy DF OF
1 Reid McNeill Jake Dotchin 60 1 2 2
2 Ivan Provorov Mark Alt 40 1 2 2
Penalty Kill 4 Players Forward
Center Wing Time % Phy DF OF
1 Calle Jarnkrok Michael Bournival 60 1 2 2
2 Travis Konecny Sven Andrighetto 40 1 2 2
Penalty Kill 4 Players Defense
Defense Defense Time % Phy DF OF
1 Reid McNeill Jake Dotchin 60 1 2 2
2 Ivan Provorov Mark Alt 40 1 2 2
Penalty Kill - 3 Players Forward
Forward Time % Phy DF OF
1 Calle Jarnkrok 60 1 2 2
2 Michael Bournival 40 1 2 2
Penalty Kill - 3 Players Defense
Defense Defense Time % Phy DF OF
1 Reid McNeill Jake Dotchin 60 1 2 2
2 Ivan Provorov Mark Alt 40 1 2 2
4 vs 4 Forward
Center Wing Time % Phy DF OF
1 Calle Jarnkrok Michael Bournival 60 1 2 2
2 Travis Konecny Sven Andrighetto 40 1 2 2
4 vs 4 Defense
Defense Defense Time % Phy DF OF
1 Reid McNeill Jake Dotchin 60 1 2 2
2 Ivan Provorov Mark Alt 40 1 2 2
Last Minutes Offensive
Center Left Wing Right Wing Defense Defense
Calle Jarnkrok Michael Bournival Travis Konecny Reid McNeill Jake Dotchin
Last Minutes Defensive
Center Left Wing Right Wing Defense Defense
Calle Jarnkrok Michael Bournival Travis Konecny Reid McNeill Jake Dotchin
Goaltenders
Starting : Anton Forsberg
Backup : Zachary Fucale
Extra Forwards
Normal : David Kampf, Brendan Leipsic, Laurent Dauphin - PP : David Kampf, Brendan Leipsic - PK : Laurent Dauphin
Extra Defensemen
Normal : Mikko Lehtonen, Blake Heinrich, Devon Teows - PP : Mikko Lehtonen - PK : Blake Heinrich, Devon Teows
Penalty Shots
Calle Jarnkrok, Michael Bournival, Travis Konecny, Sven Andrighetto, Alex DeBrincat
Scratches
A.J. Greer (Healthy), Cooper Marody (Healthy), JC Lipon (Left Hand Injury), Brett Murray (Healthy), Matt Kiersted (Healthy)
Riley Stillman (Healthy), Jason Kasdorf (Healthy)
Monsters
5 vs 5 Forward
Center Left Wing Right Wing Time % Phy DF OF
1 Christian Hanson Patrik Laine Ondrej Kase 40 1 2 2
2 Ryan Fitzgerald Austin Watson Mitch Marner 30 1 2 2
3 Jared Knight Joakim Nordstrom Bobby Farnham 20 1 2 2
4 Nathan Noel Francis Perron Richard Nejezchleb 10 1 2 2
5 vs 5 Defense
Defense Defense Time % Phy DF OF
1 Morgan Rielly Aaron Ness 40 1 2 2
2 Dillon Heatherington Matt Grzelcyk 30 1 2 2
3 Tarmo Reunanen Maxim Mamin 20 1 2 2
4 Morgan Rielly Aaron Ness 10 1 2 2
PowerPlay Forward
Center Left Wing Right Wing Time % Phy DF OF
1 Christian Hanson Patrik Laine Ondrej Kase 60 1 2 2
2 Ryan Fitzgerald Austin Watson Mitch Marner 40 1 2 2
PowerPlay Defense
Defense Defense Time % Phy DF OF
1 Morgan Rielly Aaron Ness 60 1 2 2
2 Jared Knight Matt Grzelcyk 40 1 2 2
Penalty Kill 4 Players Forward
Center Wing Time % Phy DF OF
1 Jared Knight Joakim Nordstrom 60 1 2 2
2 Maxim Mamin Austin Watson 40 1 2 2
Penalty Kill 4 Players Defense
Defense Defense Time % Phy DF OF
1 Morgan Rielly Aaron Ness 60 1 2 2
2 Dillon Heatherington Matt Grzelcyk 40 1 2 2
Penalty Kill - 3 Players Forward
Forward Time % Phy DF OF
1 Jared Knight 60 1 2 2
2 Christian Hanson 40 1 2 2
Penalty Kill - 3 Players Defense
Defense Defense Time % Phy DF OF
1 Morgan Rielly Aaron Ness 60 1 2 2
2 Dillon Heatherington Matt Grzelcyk 40 1 2 2
4 vs 4 Forward
Center Wing Time % Phy DF OF
1 Christian Hanson Mitch Marner 60 1 2 2
2 Jared Knight Ondrej Kase 40 1 2 2
4 vs 4 Defense
Defense Defense Time % Phy DF OF
1 Morgan Rielly Aaron Ness 60 1 2 2
2 Dillon Heatherington Matt Grzelcyk 40 1 2 2
Last Minutes Offensive
Center Left Wing Right Wing Defense Defense
Christian Hanson Mitch Marner Ondrej Kase Morgan Rielly Aaron Ness
Last Minutes Defensive
Center Left Wing Right Wing Defense Defense
Jared Knight Joakim Nordstrom Ondrej Kase Morgan Rielly Aaron Ness
Goaltenders
Starting : Phoenix Copley
Backup : Peyton Jones
Extra Forwards
Normal : Francis Perron, Bobby Farnham, Joakim Nordstrom - PP : Francis Perron, Bobby Farnham - PK : Joakim Nordstrom
Extra Defensemen
Normal : Tarmo Reunanen, Dillon Heatherington, Matt Grzelcyk - PP : Tarmo Reunanen - PK : Dillon Heatherington, Matt Grzelcyk
Penalty Shots
Mitch Marner, Christian Hanson, Ondrej Kase, Patrik Laine, Bobby Farnham
Scratches
Cameron Hughes (Healthy), Matt Calvert (Healthy), Victor Mete (Left Hand Injury), Marc Michaelis (Healthy), Eric Comrie (Healthy)
% Time on Ice - Phantoms
Lines # - Real PCT - Wanted PCT - Time Play
Normal Forward
1 - 32% - 40% - 14:14
2 - 32% - 30% - 14:11
3 - 24% - 20% - 10:51
4 - 11% - 10% - 5:03
Normal Defense
1 - 39% - 40% - 17:23
2 - 34% - 30% - 15:09
3 - 19% - 20% - 8:35
4 - 7% - 10% - 3:12
PP Forward
1 - 55% - 60% - 2:11
2 - 45% - 40% - 1:47
PP Defense
1 - 60% - 60% - 2:22
2 - 40% - 40% - 1:36
PK Forward
1 - 69% - 60% - 7:59
2 - 31% - 40% - 3:33
PK Defense
1 - 73% - 60% - 8:22
2 - 27% - 40% - 3:10
PK3 Forward
1 - 100% - 60% - 0:11
2 - 0% - 40% - 0:00
PK3 Defense
1 - 100% - 60% - 0:11
2 - 0% - 40% - 0:00
44 Forward
1 - 0% - 60%
2 - 0% - 40%
44 Defense
1 - 0% - 60%
2 - 0% - 40%
Last Minute Offensive - 0:00
Last Minute Defensive - 0:00
Total
Forward - 60:00
Defense - 60:00
|
% Time on Ice - Monsters
Lines # - Real PCT - Wanted PCT - Time Play
Normal Forward
1 - 34% - 40% - 15:07
2 - 31% - 30% - 13:56
3 - 17% - 20% - 7:42
4 - 17% - 10% - 7:34
Normal Defense
1 - 43% - 40% - 19:15
2 - 32% - 30% - 14:22
3 - 21% - 20% - 9:23
4 - 3% - 10% - 1:19
PP Forward
1 - 55% - 60% - 6:30
2 - 45% - 40% - 5:13
PP Defense
1 - 54% - 60% - 6:18
2 - 46% - 40% - 5:25
PK Forward
1 - 66% - 60% - 2:37
2 - 34% - 40% - 1:21
PK Defense
1 - 68% - 60% - 2:41
2 - 32% - 40% - 1:17
PK3 Forward
1 - 0% - 60%
2 - 0% - 40%
PK3 Defense
1 - 0% - 60%
2 - 0% - 40%
44 Forward
1 - 0% - 60%
2 - 0% - 40%
44 Defense
1 - 0% - 60%
2 - 0% - 40%
Last Minute Offensive - 0:00
Last Minute Defensive - 0:00
Total
Forward - 60:00
Defense - 60:00
|
Play-by-Play
1st period
0:01 of 1st period - Calle Jarnkrok wins face-off versus Christian Hanson in neutral zone.
0:26 of 1st period - Sven Andrighetto is hit by Ryan Fitzgerald and loses puck.
0:33 of 1st period - Morgan Rielly is hit by Ivan Provorov and loses puck.
0:48 of 1st period - Snap shot by Jared Knight.
0:48 of 1st period - Deflect By Ivan Provorov.
0:48 of 1st period - Stopped by Anton Forsberg with a rebound.
1:18 of 1st period - Icing by Matt Grzelcyk.
1:19 of 1st period - Nathan Noel wins face-off versus Calle Jarnkrok in Monsters zone.
1:44 of 1st period - Wrist shot by Alex DeBrincat.
1:44 of 1st period - Stopped by Phoenix Copley with a rebound.
1:46 of 1st period - Snap shot by Reid McNeill.
1:46 of 1st period - Stopped by Phoenix Copley without a rebound.
1:47 of 1st period - Ryan Fitzgerald wins face-off versus Cristoval Nieves in Monsters zone.
3:02 of 1st period - Wrist shot by Richard Nejezchleb.
3:02 of 1st period - Shot Misses the Net.
3:24 of 1st period - Off-side.
3:25 of 1st period - Nick Shore wins face-off versus Christian Hanson in neutral zone.
4:10 of 1st period - Icing by Calle Jarnkrok.
4:11 of 1st period - Ryan Fitzgerald wins face-off versus Cristoval Nieves in Phantoms zone.
4:18 of 1st period - Matt Grzelcyk is hit by Mark Alt and loses puck.
4:27 of 1st period - Wrist shot by Cristoval Nieves.
4:27 of 1st period - Shot Misses the Net.
5:03 of 1st period - Morgan Rielly is hit by Reid McNeill and loses puck.
5:09 of 1st period - Off-side.
5:10 of 1st period - Patrik Laine wins face-off versus Nick Shore in neutral zone.
5:20 of 1st period - Snap shot by Sven Andrighetto.
5:20 of 1st period - Stopped by Phoenix Copley with a rebound.
5:24 of 1st period - Snap shot by Nick Shore.
5:24 of 1st period - Stopped by Phoenix Copley with a rebound.
5:26 of 1st period - Slapshot by Alex DeBrincat.
5:26 of 1st period - Shot Misses the Net.
5:32 of 1st period - Minor Penalty to Aaron Ness for Hooking.
5:33 of 1st period - Calle Jarnkrok wins face-off versus Jared Knight in Monsters zone.
5:34 of 1st period - Snap shot by Travis Konecny.
5:34 of 1st period - Stopped by Phoenix Copley with a rebound.
5:36 of 1st period - Slapshot by Jake Dotchin.
5:36 of 1st period - Shot Misses the Net.
5:38 of 1st period - Slapshot by Reid McNeill.
5:38 of 1st period - Deflect By Travis Konecny.
5:38 of 1st period - Shot Misses the Net.
5:38 of 1st period - Puck is out of play.
5:39 of 1st period - Jared Knight wins face-off versus Michael Bournival in Monsters zone.
5:54 of 1st period - Snap shot by Calle Jarnkrok.
5:54 of 1st period - Stopped by Phoenix Copley with a rebound.
7:32 of 1st period - Penalty to Aaron Ness is over, Aaron Ness is back on ice.
7:47 of 1st period - Snap shot by Morgan Klimchuk.
7:47 of 1st period - Stopped by Phoenix Copley without a rebound.
7:48 of 1st period - Cristoval Nieves wins face-off versus Francis Perron in Monsters zone.
7:55 of 1st period - Snap shot by Cristoval Nieves.
7:55 of 1st period - Stopped by Phoenix Copley with a rebound.
8:01 of 1st period - Blake Heinrich is hit by Francis Perron and loses puck.
8:18 of 1st period - Wrist shot by Francis Perron.
8:18 of 1st period - Goal by Francis Perron - Phantoms : 0 - Monsters : 1.
8:19 of 1st period - Calle Jarnkrok wins face-off versus Patrik Laine in neutral zone.
8:30 of 1st period - Snap shot by Travis Konecny.
8:30 of 1st period - Stopped by Phoenix Copley without a rebound.
8:31 of 1st period - Calle Jarnkrok wins face-off versus Christian Hanson in Monsters zone.
8:35 of 1st period - Minor Penalty to Christian Hanson for Hooking.
8:36 of 1st period - Jared Knight wins face-off versus Calle Jarnkrok in Monsters zone.
8:36 of 1st period - Jared Knight is hit by Travis Konecny.
10:35 of 1st period - Penalty to Christian Hanson is over, Christian Hanson is back on ice.
10:42 of 1st period - Morgan Klimchuk is hit by Ondrej Kase and loses puck.
10:49 of 1st period - Brenden Kichton is hit by Ondrej Kase and loses puck.
10:56 of 1st period - Ondrej Kase is hit by Cristoval Nieves and loses puck.
11:11 of 1st period - Slapshot by Francis Perron.
11:11 of 1st period - Stopped by Anton Forsberg with a rebound.
11:13 of 1st period - Slapshot by Francis Perron.
11:13 of 1st period - Monsters goal is going for a video replay.
11:13 of 1st period - The goal is good.
11:13 of 1st period - Goal by Francis Perron - Phantoms : 0 - Monsters : 2.
11:14 of 1st period - Ryan Fitzgerald wins face-off versus Nick Shore in neutral zone.
11:24 of 1st period - Snap shot by Nick Shore.
11:24 of 1st period - Goal by Nick Shore - Phantoms : 1 - Monsters : 2.
11:25 of 1st period - Christian Hanson wins face-off versus Calle Jarnkrok in neutral zone.
11:28 of 1st period - Slapshot by Aaron Ness.
11:28 of 1st period - Deflect By Ondrej Kase.
11:28 of 1st period - Shot Misses the Net.
11:28 of 1st period - Puck is out of play.
11:29 of 1st period - Christian Hanson wins face-off versus Calle Jarnkrok in Phantoms zone.
12:22 of 1st period - Wrist shot by Joakim Nordstrom.
12:22 of 1st period - Stopped by Anton Forsberg with a rebound.
12:58 of 1st period - Snap shot by Patrik Laine.
12:58 of 1st period - Stopped by Anton Forsberg with a rebound.
13:00 of 1st period - Snap shot by Christian Hanson.
13:00 of 1st period - Shot Misses the Net.
13:02 of 1st period - Snap shot by Christian Hanson.
13:02 of 1st period - Shot Blocked by Ivan Provorov.
13:14 of 1st period - Snap shot by Austin Watson.
13:14 of 1st period - Shot Misses the Net.
13:42 of 1st period - Wrist shot by Cristoval Nieves.
13:42 of 1st period - Deflect By Nick Sorensen.
13:42 of 1st period - Shot Misses the Net.
13:42 of 1st period - Puck is out of play.
13:43 of 1st period - Nick Shore wins face-off versus Christian Hanson in Monsters zone.
13:57 of 1st period - Off-side.
13:58 of 1st period - Ryan Fitzgerald wins face-off versus Calle Jarnkrok in neutral zone.
14:01 of 1st period - Slapshot by Aaron Ness.
14:01 of 1st period - Shot Blocked by Michael Bournival.
14:13 of 1st period - Wrist shot by Austin Watson.
14:13 of 1st period - Goal by Austin Watson - Phantoms : 1 - Monsters : 3.
14:14 of 1st period - Ondrej Kase wins face-off versus Michael Bournival in neutral zone.
14:47 of 1st period - Wrist shot by Ryan Fitzgerald.
14:47 of 1st period - Shot Misses the Net.
14:49 of 1st period - Slapshot by Austin Watson.
14:49 of 1st period - Shot Misses the Net.
15:05 of 1st period - Dillon Heatherington is hit by Nick Sorensen and loses puck.
15:25 of 1st period - Off-side.
15:26 of 1st period - Nick Shore wins face-off versus Christian Hanson in neutral zone.
15:29 of 1st period - Wrist shot by Christian Hanson.
15:29 of 1st period - Goal by Christian Hanson - Phantoms : 1 - Monsters : 4.
15:29 of 1st period - Zachary Fucale enters game.
15:30 of 1st period - Calle Jarnkrok wins face-off versus Christian Hanson in neutral zone.
15:45 of 1st period - Snap shot by Christian Hanson.
15:45 of 1st period - Stopped by Zachary Fucale with a rebound.
15:55 of 1st period - Travis Konecny is hit by Morgan Rielly and loses puck.
16:08 of 1st period - Wrist shot by Travis Konecny.
16:08 of 1st period - Shot Misses the Net.
16:10 of 1st period - Backhand shot by Mark Alt.
16:10 of 1st period - Shot Blocked by Matt Grzelcyk.
16:12 of 1st period - Wrist shot by Michael Bournival.
16:12 of 1st period - Stopped by Phoenix Copley without a rebound.
16:13 of 1st period - Christian Hanson wins face-off versus Nick Shore in Monsters zone.
16:13 of 1st period - Christian Hanson is hit by Alex DeBrincat.
16:21 of 1st period - Snap shot by Patrik Laine.
16:21 of 1st period - Deflect By Reid McNeill.
16:21 of 1st period - Shot Blocked by Reid McNeill.
16:21 of 1st period - Puck is out of play.
16:22 of 1st period - Nick Shore wins face-off versus Patrik Laine in Phantoms zone.
16:27 of 1st period - Ondrej Kase is hit by Sven Andrighetto and loses puck.
16:33 of 1st period - Off-side.
16:34 of 1st period - Calle Jarnkrok wins face-off versus Ryan Fitzgerald in neutral zone.
16:59 of 1st period - Christian Hanson is hit by Alex DeBrincat and loses puck.
17:08 of 1st period - Wrist shot by Nick Shore.
17:08 of 1st period - Shot Misses the Net.
17:10 of 1st period - Snap shot by Sven Andrighetto.
17:10 of 1st period - Stopped by Phoenix Copley with a rebound.
17:49 of 1st period - Minor Penalty to Lucas Wallmarkk for High sticking.
17:50 of 1st period - Christian Hanson wins face-off versus Calle Jarnkrok in Phantoms zone.
18:02 of 1st period - Jake Dotchin is hit by Christian Hanson and loses puck.
18:40 of 1st period - Snap shot by Ondrej Kase.
18:40 of 1st period - Stopped by Zachary Fucale with a rebound.
19:23 of 1st period - Slapshot by Jake Dotchin.
19:23 of 1st period - Shot Misses the Net.
19:46 of 1st period - Ryan Fitzgerald is hit by Reid McNeill and loses puck.
19:49 of 1st period - Penalty to Lucas Wallmarkk is over, Lucas Wallmarkk is back on ice.
19:53 of 1st period - Snap shot by Travis Konecny.
19:53 of 1st period - Stopped by Phoenix Copley with a rebound.
19:58 of 1st period - Icing by Dillon Heatherington.
19:59 of 1st period - Ryan Fitzgerald wins face-off versus Morgan Klimchuk in Monsters zone.
Goals for this period are 1 for Phantoms vs 4 for Monsters.
Shots for this period are 13 for Phantoms vs 10 for Monsters.
2nd period
0:01 of 2nd period - Calle Jarnkrok wins face-off versus Christian Hanson in neutral zone.
0:33 of 2nd period - Wrist shot by Cristoval Nieves.
0:33 of 2nd period - Stopped by Phoenix Copley without a rebound.
0:34 of 2nd period - Calle Jarnkrok wins face-off versus Ryan Fitzgerald in Monsters zone.
1:27 of 2nd period - Wrist shot by Morgan Klimchuk.
1:27 of 2nd period - Deflect By Cristoval Nieves.
1:27 of 2nd period - Stopped by Phoenix Copley without a rebound.
1:28 of 2nd period - Calle Jarnkrok wins face-off versus Christian Hanson in Monsters zone.
1:31 of 2nd period - Wrist shot by Calle Jarnkrok.
1:31 of 2nd period - Stopped by Phoenix Copley without a rebound.
1:32 of 2nd period - Calle Jarnkrok wins face-off versus Ondrej Kase in Monsters zone.
1:33 of 2nd period - Snap shot by Travis Konecny.
1:33 of 2nd period - Shot Misses the Net.
1:45 of 2nd period - Snap shot by Ondrej Kase.
1:45 of 2nd period - Shot Hit the Post.
1:47 of 2nd period - Wrist shot by Ondrej Kase.
1:47 of 2nd period - Stopped by Zachary Fucale without a rebound.
1:48 of 2nd period - Nick Shore wins face-off versus Ryan Fitzgerald in Phantoms zone.
1:59 of 2nd period - Wrist shot by Alex DeBrincat.
1:59 of 2nd period - Stopped by Phoenix Copley without a rebound.
2:00 of 2nd period - Calle Jarnkrok wins face-off versus Christian Hanson in Monsters zone.
2:50 of 2nd period - Slapshot by Jared Knight.
2:50 of 2nd period - Shot Misses the Net.
3:14 of 2nd period - Slapshot by Aaron Ness.
3:14 of 2nd period - Shot Blocked by Ivan Provorov.
3:16 of 2nd period - Slapshot by Morgan Rielly.
3:16 of 2nd period - Shot Misses the Net.
3:28 of 2nd period - Wrist shot by Austin Watson.
3:28 of 2nd period - Shot Misses the Net.
3:38 of 2nd period - Slapshot by Lucas Wallmarkk.
3:38 of 2nd period - Shot Blocked by Austin Watson.
3:40 of 2nd period - Snap shot by Erik Nystrom.
3:40 of 2nd period - Stopped by Phoenix Copley with a rebound.
3:42 of 2nd period - Snap shot by Lucas Wallmarkk.
3:42 of 2nd period - Stopped by Phoenix Copley with a rebound.
3:44 of 2nd period - Snap shot by Mark Alt.
3:44 of 2nd period - Deflect By Ryan Fitzgerald.
3:44 of 2nd period - Stopped by Phoenix Copley without a rebound.
3:45 of 2nd period - Christian Hanson wins face-off versus Nick Shore in Monsters zone.
3:51 of 2nd period - Ondrej Kase is hit by Blake Heinrich.
3:57 of 2nd period - Slapshot by Christian Hanson.
3:57 of 2nd period - Shot Misses the Net.
4:21 of 2nd period - Snap shot by Ryan Fitzgerald.
4:21 of 2nd period - Shot Misses the Net.
4:23 of 2nd period - Slapshot by Maxim Mamin.
4:23 of 2nd period - Stopped by Zachary Fucale without a rebound.
4:24 of 2nd period - Nick Shore wins face-off versus Joakim Nordstrom in Phantoms zone.
4:50 of 2nd period - Calle Jarnkrok is hit by Christian Hanson and loses puck.
5:17 of 2nd period - Slapshot by Austin Watson.
5:17 of 2nd period - Stopped by Zachary Fucale with a rebound.
5:46 of 2nd period - Icing by Aaron Ness.
5:47 of 2nd period - Calle Jarnkrok wins face-off versus Nathan Noel in Monsters zone.
5:56 of 2nd period - Slapshot by Travis Konecny.
5:56 of 2nd period - Stopped by Phoenix Copley with a rebound.
5:58 of 2nd period - Slapshot by Devon Teows.
5:58 of 2nd period - Shot Blocked by Morgan Rielly.
6:00 of 2nd period - Snap shot by Michael Bournival.
6:00 of 2nd period - Goal by Michael Bournival - Phantoms : 2 - Monsters : 4.
6:01 of 2nd period - Calle Jarnkrok wins face-off versus Christian Hanson in neutral zone.
6:14 of 2nd period - Snap shot by Ondrej Kase.
6:14 of 2nd period - Shot Misses the Net.
6:16 of 2nd period - Snap shot by Christian Hanson.
6:16 of 2nd period - Shot Blocked by Reid McNeill.
6:26 of 2nd period - Austin Watson is hit by Sven Andrighetto and loses puck.
8:12 of 2nd period - Off-side.
8:13 of 2nd period - Calle Jarnkrok wins face-off versus Jared Knight in neutral zone.
8:22 of 2nd period - Slapshot by Bobby Farnham.
8:22 of 2nd period - Deflect By Travis Konecny.
8:22 of 2nd period - Shot Misses the Net.
8:22 of 2nd period - Puck is out of play.
8:23 of 2nd period - Christian Hanson wins face-off versus Calle Jarnkrok in Phantoms zone.
8:24 of 2nd period - Snap shot by Ondrej Kase.
8:24 of 2nd period - Stopped by Zachary Fucale without a rebound.
8:24 of 2nd period - Minor Penalty to Zachary Fucale for Slashing.
8:25 of 2nd period - Calle Jarnkrok wins face-off versus Christian Hanson in Phantoms zone.
10:24 of 2nd period - Penalty to Travis Konecny is over, Travis Konecny is back on ice.
10:31 of 2nd period - Matt Grzelcyk is hit by Nick Sorensen and loses puck.
11:24 of 2nd period - Morgan Klimchuk is hit by Francis Perron and loses puck.
11:53 of 2nd period - Mark Alt is hit by Joakim Nordstrom and loses puck.
12:54 of 2nd period - Icing by Joakim Nordstrom.
12:55 of 2nd period - Nathan Noel wins face-off versus Lucas Wallmarkk in Monsters zone.
13:34 of 2nd period - Devon Teows is hit by Bobby Farnham and loses puck.
13:45 of 2nd period - Wrist shot by Joakim Nordstrom.
13:45 of 2nd period - Shot Misses the Net.
14:03 of 2nd period - Blake Heinrich is hit by Nathan Noel and loses puck.
14:20 of 2nd period - Wrist shot by Patrik Laine.
14:20 of 2nd period - Goal by Patrik Laine - Phantoms : 2 - Monsters : 5.
14:21 of 2nd period - Christian Hanson wins face-off versus Calle Jarnkrok in neutral zone.
15:19 of 2nd period - Snap shot by Richard Nejezchleb.
15:19 of 2nd period - Deflect By Nathan Noel.
15:19 of 2nd period - Shot Misses the Net.
15:19 of 2nd period - Puck is out of play.
15:20 of 2nd period - Calle Jarnkrok wins face-off versus Christian Hanson in Phantoms zone.
15:42 of 2nd period - Icing by Dillon Heatherington.
15:43 of 2nd period - Cristoval Nieves wins face-off versus Christian Hanson in Monsters zone.
15:53 of 2nd period - Slapshot by Sven Andrighetto.
15:53 of 2nd period - Stopped by Phoenix Copley without a rebound.
15:54 of 2nd period - Ryan Fitzgerald wins face-off versus Travis Konecny in Monsters zone.
16:03 of 2nd period - Slapshot by Austin Watson.
16:03 of 2nd period - Shot Blocked by Reid McNeill.
16:11 of 2nd period - Morgan Rielly is hit by Reid McNeill and loses puck.
16:22 of 2nd period - Snap shot by Aaron Ness.
16:22 of 2nd period - Stopped by Zachary Fucale without a rebound.
16:23 of 2nd period - Christian Hanson wins face-off versus Nick Shore in Phantoms zone.
16:24 of 2nd period - Snap shot by Ondrej Kase.
16:24 of 2nd period - Shot Misses the Net.
16:26 of 2nd period - Snap shot by Dillon Heatherington.
16:26 of 2nd period - Shot Misses the Net.
16:28 of 2nd period - Wrist shot by Christian Hanson.
16:28 of 2nd period - Stopped by Zachary Fucale with a rebound.
16:30 of 2nd period - Slapshot by Dillon Heatherington.
16:30 of 2nd period - Shot Misses the Net.
17:14 of 2nd period - Snap shot by Mitch Marner.
17:14 of 2nd period - Shot Misses the Net.
17:16 of 2nd period - Slapshot by Aaron Ness.
17:16 of 2nd period - Stopped by Zachary Fucale without a rebound.
17:17 of 2nd period - Cristoval Nieves wins face-off versus Ryan Fitzgerald in Phantoms zone.
17:24 of 2nd period - Slapshot by Mark Alt.
17:24 of 2nd period - Stopped by Phoenix Copley with a rebound.
17:26 of 2nd period - Slapshot by Ivan Provorov.
17:26 of 2nd period - Shot Misses the Net.
17:28 of 2nd period - Slapshot by Cristoval Nieves.
17:28 of 2nd period - Stopped by Phoenix Copley without a rebound.
17:29 of 2nd period - Calle Jarnkrok wins face-off versus Christian Hanson in Monsters zone.
17:32 of 2nd period - Wrist shot by Travis Konecny.
17:32 of 2nd period - Stopped by Phoenix Copley without a rebound.
17:33 of 2nd period - Michael Bournival wins face-off versus Christian Hanson in Monsters zone.
18:06 of 2nd period - Snap shot by Mitch Marner.
18:06 of 2nd period - Stopped by Zachary Fucale without a rebound.
18:07 of 2nd period - Calle Jarnkrok wins face-off versus Christian Hanson in Phantoms zone.
18:07 of 2nd period - Calle Jarnkrok is hit by Ondrej Kase.
18:50 of 2nd period - Minor Penalty to Mark Alt for Hooking.
18:51 of 2nd period - Christian Hanson wins face-off versus Calle Jarnkrok in Phantoms zone.
19:16 of 2nd period - Michael Bournival is hit by Morgan Rielly and loses puck.
Goals for this period are 1 for Phantoms vs 1 for Monsters.
Shots for this period are 13 for Phantoms vs 9 for Monsters.
3rd period
0:01 of 3rd period - Calle Jarnkrok wins face-off versus Christian Hanson in neutral zone.
0:08 of 3rd period - Wrist shot by Jake Dotchin.
0:08 of 3rd period - Shot Misses the Net.
0:26 of 3rd period - Jake Dotchin is hit by Austin Watson and loses puck.
0:38 of 3rd period - Minor Penalty to Reid McNeill for Cross-checking.
0:39 of 3rd period - Calle Jarnkrok wins face-off versus Christian Hanson in Phantoms zone.
0:50 of 3rd period - Penalty to Mark Alt is over, Mark Alt is back on ice.
2:34 of 3rd period - Icing by Ondrej Kase.
2:35 of 3rd period - Ryan Fitzgerald wins face-off versus Travis Konecny in Monsters zone.
2:38 of 3rd period - Penalty to Reid McNeill is over, Reid McNeill is back on ice.
2:50 of 3rd period - Matt Grzelcyk is hit by Cristoval Nieves and loses puck.
3:09 of 3rd period - Wrist shot by Nick Shore.
3:09 of 3rd period - Stopped by Phoenix Copley without a rebound.
3:10 of 3rd period - Mitch Marner wins face-off versus Nick Shore in Monsters zone.
3:20 of 3rd period - Sven Andrighetto is hit by Aaron Ness and loses puck.
3:28 of 3rd period - Icing by Sven Andrighetto.
3:29 of 3rd period - Nick Shore wins face-off versus Christian Hanson in Phantoms zone.
3:37 of 3rd period - Ondrej Kase is hit by Alex DeBrincat and loses puck.
3:42 of 3rd period - Snap shot by Nick Shore.
3:42 of 3rd period - Stopped by Phoenix Copley without a rebound.
3:43 of 3rd period - Christian Hanson wins face-off versus Calle Jarnkrok in Monsters zone.
3:43 of 3rd period - Christian Hanson is hit by Calle Jarnkrok.
3:53 of 3rd period - Snap shot by Ondrej Kase.
3:53 of 3rd period - Shot Misses the Net.
3:55 of 3rd period - Wrist shot by Patrik Laine.
3:55 of 3rd period - Shot Misses the Net.
3:57 of 3rd period - Snap shot by Ondrej Kase.
3:57 of 3rd period - Deflect By Christian Hanson.
3:57 of 3rd period - Stopped by Zachary Fucale with a rebound.
3:59 of 3rd period - Snap shot by Patrik Laine.
3:59 of 3rd period - Shot Misses the Net.
4:31 of 3rd period - Alex DeBrincat is hit by Joakim Nordstrom and loses puck.
4:36 of 3rd period - Snap shot by Jared Knight.
4:36 of 3rd period - Stopped by Zachary Fucale with a rebound.
4:38 of 3rd period - Wrist shot by Joakim Nordstrom.
4:38 of 3rd period - Shot Misses the Net.
4:40 of 3rd period - Snap shot by Bobby Farnham.
4:40 of 3rd period - Deflect By Joakim Nordstrom.
4:40 of 3rd period - Shot Hit the Post.
4:40 of 3rd period - Puck is out of play.
4:41 of 3rd period - Calle Jarnkrok wins face-off versus Christian Hanson in Phantoms zone.
5:08 of 3rd period - Wrist shot by Ryan Fitzgerald.
5:08 of 3rd period - Shot Misses the Net.
6:15 of 3rd period - Aaron Ness is hit by Jake Dotchin and loses puck.
6:37 of 3rd period - Icing by Erik Nystrom.
6:38 of 3rd period - Ryan Fitzgerald wins face-off versus Cristoval Nieves in Phantoms zone.
6:41 of 3rd period - Wrist shot by Ryan Fitzgerald.
6:41 of 3rd period - Stopped by Zachary Fucale with a rebound.
6:43 of 3rd period - Wrist shot by Ryan Fitzgerald.
6:43 of 3rd period - Shot Misses the Net.
6:45 of 3rd period - Snap shot by Mitch Marner.
6:45 of 3rd period - Shot Misses the Net.
6:53 of 3rd period - Wrist shot by Cristoval Nieves.
6:53 of 3rd period - Shot Blocked by Dillon Heatherington.
7:12 of 3rd period - Slapshot by Matt Grzelcyk.
7:12 of 3rd period - Shot Blocked by Calle Jarnkrok.
7:14 of 3rd period - Slapshot by Dillon Heatherington.
7:14 of 3rd period - Stopped by Zachary Fucale with a rebound.
7:16 of 3rd period - Slapshot by Matt Grzelcyk.
7:16 of 3rd period - Stopped by Zachary Fucale without a rebound.
7:17 of 3rd period - Jared Knight wins face-off versus Nick Shore in Phantoms zone.
7:28 of 3rd period - Maxim Mamin is hit by Nick Shore and loses puck.
7:43 of 3rd period - Snap shot by Michael Bournival.
7:43 of 3rd period - Stopped by Phoenix Copley with a rebound.
7:53 of 3rd period - Slapshot by Ondrej Kase.
7:53 of 3rd period - Shot Blocked by Jake Dotchin.
8:02 of 3rd period - Off-side.
8:03 of 3rd period - Ryan Fitzgerald wins face-off versus Cristoval Nieves in neutral zone.
8:33 of 3rd period - Off-side.
8:34 of 3rd period - Christian Hanson wins face-off versus Calle Jarnkrok in neutral zone.
8:40 of 3rd period - Minor Penalty to Travis Konecny for Hooking.
8:41 of 3rd period - Christian Hanson wins face-off versus Calle Jarnkrok in Phantoms zone.
8:41 of 3rd period - Snap shot by Patrik Laine.
8:41 of 3rd period - Stopped by Zachary Fucale with a rebound.
9:17 of 3rd period - Slapshot by Aaron Ness.
9:17 of 3rd period - Stopped by Zachary Fucale without a rebound.
9:18 of 3rd period - Ryan Fitzgerald wins face-off versus Calle Jarnkrok in Phantoms zone.
10:40 of 3rd period - Penalty to Travis Konecny is over, Travis Konecny is back on ice.
10:49 of 3rd period - Icing by Jake Dotchin.
10:50 of 3rd period - Nick Shore wins face-off versus Richard Nejezchleb in Phantoms zone.
11:01 of 3rd period - Slapshot by Richard Nejezchleb.
11:01 of 3rd period - Deflect By Francis Perron.
11:01 of 3rd period - Shot Misses the Net.
11:01 of 3rd period - Puck is out of play.
11:02 of 3rd period - Ryan Fitzgerald wins face-off versus Calle Jarnkrok in Phantoms zone.
11:52 of 3rd period - Christian Hanson is hit by Nick Shore and loses puck.
12:37 of 3rd period - Snap shot by Joakim Nordstrom.
12:37 of 3rd period - Goal by Joakim Nordstrom - Phantoms : 2 - Monsters : 6.
12:38 of 3rd period - Calle Jarnkrok wins face-off versus Christian Hanson in neutral zone.
12:41 of 3rd period - Slapshot by Jake Dotchin.
12:41 of 3rd period - Shot Blocked by Morgan Rielly.
13:03 of 3rd period - Ryan Fitzgerald is hit by Reid McNeill and loses puck.
13:27 of 3rd period - Minor Penalty to Blake Heinrich for Interference.
13:28 of 3rd period - Michael Bournival wins face-off versus Christian Hanson in Phantoms zone.
13:28 of 3rd period - Michael Bournival is hit by Patrik Laine.
14:00 of 3rd period - Icing by Matt Grzelcyk.
14:01 of 3rd period - Ryan Fitzgerald wins face-off versus Travis Konecny in Monsters zone.
14:16 of 3rd period - Slapshot by Matt Grzelcyk.
14:16 of 3rd period - Deflect By Calle Jarnkrok.
14:16 of 3rd period - Stopped by Zachary Fucale without a rebound.
14:17 of 3rd period - Christian Hanson wins face-off versus Calle Jarnkrok in Phantoms zone.
14:28 of 3rd period - Slapshot by Morgan Rielly.
14:28 of 3rd period - Deflect By Christian Hanson.
14:28 of 3rd period - Stopped by Zachary Fucale without a rebound.
14:29 of 3rd period - Calle Jarnkrok wins face-off versus Christian Hanson in Phantoms zone.
14:32 of 3rd period - Wrist shot by Christian Hanson.
14:32 of 3rd period - Shot Blocked by Jake Dotchin.
14:34 of 3rd period - Wrist shot by Christian Hanson.
14:34 of 3rd period - Stopped by Zachary Fucale without a rebound.
14:35 of 3rd period - Calle Jarnkrok wins face-off versus Christian Hanson in Phantoms zone.
15:27 of 3rd period - Penalty to Blake Heinrich is over, Blake Heinrich is back on ice.
16:12 of 3rd period - Snap shot by Mitch Marner.
16:12 of 3rd period - Deflect By Reid McNeill.
16:12 of 3rd period - Shot Misses the Net.
16:12 of 3rd period - Puck is out of play.
16:13 of 3rd period - Lucas Wallmarkk wins face-off versus Ryan Fitzgerald in Phantoms zone.
16:18 of 3rd period - Devon Teows is hit by Austin Watson and loses puck.
16:54 of 3rd period - Backhand shot by Erik Nystrom.
16:54 of 3rd period - Deflect By Ryan Fitzgerald.
16:54 of 3rd period - Goal by Erik Nystrom - Phantoms : 3 - Monsters : 6.
16:55 of 3rd period - Patrik Laine wins face-off versus Nick Shore in neutral zone.
17:59 of 3rd period - Backhand shot by Aaron Ness.
17:59 of 3rd period - Deflect By Richard Nejezchleb.
17:59 of 3rd period - Shot Misses the Net.
17:59 of 3rd period - Puck is out of play.
18:00 of 3rd period - Christian Hanson wins face-off versus Calle Jarnkrok in Phantoms zone.
18:12 of 3rd period - Off-side.
18:13 of 3rd period - Christian Hanson wins face-off versus Calle Jarnkrok in neutral zone.
18:38 of 3rd period - Austin Watson is hit by Nick Sorensen and loses puck.
19:35 of 3rd period - Slapshot by Michael Bournival.
19:35 of 3rd period - Shot Misses the Net.
19:44 of 3rd period - Icing by Mark Alt.
19:45 of 3rd period - Lucas Wallmarkk wins face-off versus Ondrej Kase in Phantoms zone.
Goals for this period are 1 for Phantoms vs 1 for Monsters.
Shots for this period are 4 for Phantoms vs 11 for Monsters.